 Dungeon Crawl Stone Soup version 0.29.0-4-gdea44cf6ec (webtiles) character file.

Game seed: 3856439051065442891

148977 qw the Warrior (level 16, -3/160 HPs)
             Began as a Minotaur Berserker on Sept 5, 2022.
             Was an Elder of Trog.
             Slain by a wolf spider (16 damage)
             ... on level 2 of the Spider Nest.
             The game lasted 00:12:09 (32558 turns).

qw the Warrior (Minotaur Berserker)                Turns: 32558, Time: 00:12:10

Health: -3/160     AC: 32    Str: 36    XL:     16   Next: 95%
Magic:  5/15       EV: 12    Int:  4    God:    Trog [****..]
Gold:   667        SH: 15    Dex: 13    Spells: 15/15 levels left

rFire   + . .      SeeInvis +   Y - +1 war axe (venom)
rCold   + . .      Faith    .   w - +2 kite shield {rC+ rF+}
rNeg    . . .      Spirit   .   t - +6 plate armour of Mumblety Peg {+Inv}
rPois   +          Reflect  .   f - +1 hat {SInv}
rElec   .          Harm     .   s - +2 cloak
rCorr   .          Rampage  .   i - +0 pair of gloves {Dex+3}
Will    +....                   m - +0 pair of boots
Stlth   ..........              h - amulet of regeneration
HPRegen 1.16/turn               v - ring of poison resistance
MPRegen 0.14/turn               o - +6 ring of strength

@: about to teleport, on berserk cooldown
A: horns 2, retaliatory headbutt
a: Renounce Religion, Evoke Invisibility, Berserk, Trog's Hand, Brothers in Arms


You were on level 2 of the Spider Nest.
You worshipped Trog.
Trog was greatly pleased with you.
You visited 5 branches of the dungeon, and saw 27 of its levels.
You also visited: Sewer and Gauntlet.

You collected 3267 gold pieces.
You spent 2600 gold pieces at shops.


Innate Abilities, Weirdness & Mutations

You have a pair of horns on your head.
You reflexively headbutt those who attack you in melee.


   Skills:
 - Level 19.0 Fighting
 - Level 16.0 Axes
 - Level 10.0 Throwing
 - Level 17.0 Armour
 - Level 10.0 Dodging
 + Level 16.5 Shields


You had 15 spell levels left.
You didn't know any spells.
Your spell library was empty.

Inventory:

Hand Weapons
 a - a +0 flail
 Y - a +1 war axe of venom (weapon)
Missiles
 e - 6 boomerangs (quivered)
 l - 4 silver javelins
Armour
 f - a +1 hat of see invisible (worn)
 i - a +0 pair of gloves of dexterity (worn)
 m - a +0 pair of boots (worn)
 s - a +2 cloak (worn)
 t - the +6 plate armour of Mumblety Peg (worn) {+Inv}
   (You found it on level 12 of the Dungeon)

   +Inv:      It lets you turn invisible.
 w - a +2 kite shield of resistance (worn)
Jewellery
 h - an amulet of regeneration (around neck)
 o - a +6 ring of strength (right hand)
 q - a ring of see invisible
 u - a ring of protection from fire
 v - a ring of poison resistance (left hand)
 x - a +6 ring of strength
 y - a ring of protection from fire
Scrolls
 b - 20 scrolls of identify
 d - 13 scrolls of teleportation
Potions
 c - 3 potions of cancellation
 j - 4 potions of might
 k - 2 potions of curing
 n - 6 potions of mutation
 p - 10 potions of haste

Dungeon Overview and Level Annotations

Branches:
Dungeon (15/15)            Temple (0/1) D:6            Lair (5/5) D:10
  Swamp (3/4) Lair:2       Spider (2/4) Lair:3        Slime (0/5) Lair:5
    Orc (2/2) D:12            Elf (0/3) Orc:2        Vaults (0/5) D:14
 Depths (0/4) D:15          Sewer (visited)         Gauntlet (visited)

Altars:
Dithmenos
Elyvilon
Fedhas
Qazlal
Ru
Sif Muna
Trog
Vehumet
Yredelemnul
Zin
The Shining One

Shops:
D:1 *   D:4 (*   D:5 :   D:7 *   D:9 **   D:11 !   Orc:1 =   Orc:2 =[*(

Portals:
Trove: D:10 (give 11 potions of heal wounds)


Message History

The culicivora simulacrum evades a web.
The culicivora bites you but does no damage.
You hit the culicivora but do no damage.
The culicivora is poisoned.
Your headbutt misses the culicivora.
Your surroundings suddenly seem different. 9 spiders and a moth of wrath come into view.
The orb spider's many legs skitter faintly.
The wolf spider's many legs skitter.
The moth of wrath's fur bristles in rage as it notices you.
The tarantella's many legs skitter faintly. x3
The jumping spider's many legs skitter faintly.
The orb spider pulsates with a strange energy.
A ghost moth comes into view.
A redback comes into view.
The jumping spider leaps!
The tarantella touches you.
The moth of wrath goads the wolf spider on!
The wolf spider goes berserk!
A redback comes into view.
Enter note:
32557 ||| READING 14 scrolls of teleportation.
As you read the scroll of teleportation, it crumbles to dust.
You feel strangely unstable.
The tarantella touches you but does no damage.
The jumping spider pounces on you but does no damage.
You block the jumping spider's attack. The ghost moth stares at you.
You feel your power leaking away.
The tarantella touches you but does no damage.
The wolf spider hits you. The wolf spider bites you!
You block the redback's attack. The tarantella barely misses you.
The jumping spider pounces on you. The jumping spider misses you.
You carve the moth of wrath like a ham!!!
You headbutt the moth of wrath.
The moth of wrath is almost dead.
You closely miss the jumping spider. You barely miss the tarantella.
You hit the wolf spider but do no damage.
The wolf spider is poisoned.
You slash the redback!
The redback is poisoned.
You closely miss the tarantella.
You block the wolf spider's attack. x2; You block the tarantella's attack.
The wolf spider hits you!
You die...

.### ### ...#
#..##...##
##.s......
##^..ss...
#......s# .
#...yss.#....
...
#..s@ss..y..
...
#..s.....s..
...
##..##...##.
... ### ...#
... ### ...
... ... ...


You could see a ghost moth (invisible), a wolf spider (berserk, very poisoned),
a moth of wrath, an orb spider (charged), a jumping spider, 3 tarantellas and 5
redbacks.

Vanquished Creatures
  Aizul (Swamp:3)
  An orc warlord (Orc:2)
  2 ghouls (Swamp:2)
  A stone giant (D:15)
  A broodmother (Spider:1)
  2 eleionomae
  An entropy weaver (Spider:1)
  4 bunyips
  2 spark wasps (Spider:2)
  A minotaur (Gauntlet)
  Fannar (Orc:1)
  A yaktaur captain (D:12)
  4 ghost crabs
  6 centaur warriors
  3 boulder beetles
  8 hydras
  A radroach (Spider:2)
  2 alligators (Swamp:1)
  7 two-headed ogres
  2 dancing weapons (D:14)
  A catoblepas (Gauntlet)
  5 tengu warriors
  Urug (D:10)
  6 death yaks (Lair:2)
  An orc high priest (Orc:2)
  4 pharaoh ants
  3 spriggans
  5 skeletal warriors
  6 goliath frogs
  4 bog bodies
  3 spriggan druids
  An orange crystal statue (D:14)
  2 swamp dragons (Swamp:3)
  A deep elf archer (D:12)
  A lindwurm (Lair:2)
  3 large abominations (Gauntlet)
  6 orc knights
  13 wolf spiders
  4 deep elf pyromancers
  6 orc sorcerers
  6 ugly things
  11 manticores
  A will-o-the-wisp (Swamp:3)
  7 cyclopes
  15 elephants
  An ice statue (D:10)
  A guardian serpent (Lair:5)
  9 black mambas
  7 gargoyles
  3 kobold demonologists
  7 rime drakes
  A torpor snail (Lair:5)
  13 cane toads
  8 komodo dragons
  A yaktaur (D:12)
  A demonic crawler (Spider:1)
  A tengu conjurer (D:12)
  3 unseen horrors
  2 freezing wraiths (D:15)
  A meliai (Lair:3)
  2 bloated husks
  5 trolls
  8 tyrant leeches
  32 blink frogs
  7 tarantellas
  8 hornets
  A tarantella (shapeshifter) (D:12)
  6 dream sheep (Lair:5)
  3 slime creatures (D:13)
  A jumping spider (shapeshifter) (D:14)
  10 culicivoras
  17 jumping spiders
  11 wyverns
  A shadow (D:14)
  43 yaks
  3 vampires (D:12)
  4 wraiths
  A water elemental (D:11)
  A steam dragon (D:6)
  3 small abominations (Gauntlet)
  3 basilisks
  12 redbacks
  Edmund (D:5)
  5 wargs
  20 vampire mosquitoes
  9 swamp worms
  2 acid dragons
  15 water moccasins
  22 orc warriors
  Duvessa (D:5)
  A sky beast (D:7)
  4 black bears
  A black bear (shapeshifter) (D:15)
  A swamp drake (Swamp:1)
  5 ogres
  7 boggarts
  9 wolves
  14 centaurs
  A gnoll sergeant (D:11)
  13 bullfrogs
  2 scorpions
  5 necrophages
  11 wights
  A hornet simulacrum (D:15)
  Dowan (D:5)
  7 killer bees
  2 howler monkeys
  5 electric eels
  A jelly (D:4)
  12 orc priests
  A gnoll bouda (D:4)
  3 iguanas
  22 orc wizards
  7 gnolls
  8 adders
  4 worms
  5 dart slugs
  55 orcs
  11 ball pythons
  6 endoplasms
  7 giant cockroaches
  3 goblins
  5 hobgoblins
  3 jackals (Sewer)
  4 kobolds
  A quokka (D:2)
  8 bats
  4 frilled lizards
  8 rats
751 creatures vanquished.

Vanquished Creatures (collateral kills)
  A hydra (Lair:5)
  2 skeletal warriors (D:13)
  An orb spider (Spider:1)
  2 obsidian statues
  A moth of wrath (Spider:1)
  An ugly thing (D:15)
  Maurice (D:10)
  An ice statue (Gauntlet)
  A wraith (D:11)
  A boggart (D:15)
  A centaur (D:11)
13 creatures vanquished.

Vanquished Creatures (others)
  An ogre mage (D:12)
  An alligator (Swamp:3)
  A bloated husk (Swamp:1)
  A culicivora (Spider:1)
  A swamp worm (Swamp:3)
  18 demonic plants (Gauntlet)
  4 foxfires (Swamp:3)
  33 fungi
  91 plants
151 creatures vanquished.

Grand Total: 915 creatures vanquished

Notes
Turn   | Place    | Note
-------+----------+-------------------------------------------
     0 | D:1      | qw the Minotaur Berserker began the quest for the Orb.
     0 | D:1      | Reached XP level 1. HP: 19/19 MP: 0/0
     0 | D:1      | 0 ||| qw: Version: 0.1-a-104-g96f76f8
     0 | D:1      | 0 ||| qw: Game counter: 5923
     0 | D:1      | 0 ||| qw: Always use a shield: true
     0 | D:1      | 0 ||| qw: Do Orc after D:15 true
     0 | D:1      | 0 ||| qw: Do second Lair branch before Depths: true
     0 | D:1      | 0 ||| qw: Lair rune preference: random
     0 | D:1      | 0 ||| qw: Plans: Normal
     0 | D:1      | 0 ||| PLANNING D:1-11
   261 | D:1      | 261 ||| DROPPING +0 club.
   289 | D:1      | Reached XP level 2. HP: 23/26 MP: 1/1
   480 | D:1      | Found a faded altar of an unknown god.
   516 | D:1      | Found Apre's Assorted Antiques.
   520 | D:1      | 520 ||| BUYING dark potion (15 gold).
   520 | D:1      | Bought a dark potion for 15 gold pieces
   520 | D:1      | 520 ||| BUYING glowing puce potion (15 gold).
   520 | D:1      | Bought a glowing puce potion for 15 gold pieces
   520 | D:1      | 520 ||| SHOPLISTING pair of boots (76 gold, have 10).
   520 | D:1      | 520 ||| SHOPLISTING scroll labelled MYRO HEOCVAARY (17
                  | gold, have 10).
   940 | D:1      | 940 ||| UPGRADING to amulet of regeneration.
   945 | D:1      | 945 ||| READING scroll labelled HIRHOOHU ZUNYO.
   946 | D:1      | 946 ||| READING scroll labelled MYRO HEOCVAARY.
   947 | D:1      | 947 ||| READING scroll labelled JUUFUV QORHALIE.
   948 | D:1      | 948 ||| READING scroll labelled MAOHAPSYSE.
   949 | D:1      | 949 ||| READING 3 scrolls labelled NOIJOWNIUL.
   950 | D:1      | 950 ||| DROPPING +0 whip.
   951 | D:1      | 951 ||| READING 2 scrolls of brand weapon.
   951 | D:1      | 951 ||| BRANDING +1 hand axe of flaming.
   952 | D:1      | 952 ||| READING scroll of brand weapon.
   952 | D:1      | 952 ||| BRANDING +1 vorpal hand axe.
   953 | D:1      | 953 ||| READING scroll labelled ECUNEP EGUNWAN.
  1015 | D:2      | 1015 ||| Stepping ~*~*~tactically~*~*~ (stealth).
  1085 | D:2      | 1085 ||| INVOKING Berserk.
  1403 | D:2      | Identified the +5 dagger of Revolt {drain, rPois rCorr
                  | SInv}
  1500 | D:2      | Reached XP level 3. HP: 25/31 MP: 2/2
  1583 | D:2      | 1583 ||| Stepping ~*~*~tactically~*~*~ (stealth).
  1674 | D:2      | Reached ** piety under Trog
  1760 | D:2      | 1760 ||| UPGRADING to +1 robe of fire resistance.
  1770 | D:2      | 1770 ||| DROPPING +0 animal skin.
  1771 | D:2      | 1771 ||| UPGRADING to +0 ring mail.
  1781 | D:2      | 1781 ||| READING scroll labelled YKHELU NUFILUACO.
  1797 | D:2      | 1797 ||| READING scroll labelled ASETSO AWUUD.
  1898 | D:2      | 1898 ||| DRINKING 2 bubbling coppery potions.
  1934 | D:2      | 1934 ||| DRINKING 3 orange potions.
  1935 | D:2      | 1935 ||| DROPPING potion of lignification.
  1959 | D:3      | 1959 ||| Stepping ~*~*~tactically~*~*~ (stealth).
  1960 | D:3      | 1960 ||| Stepping ~*~*~tactically~*~*~ (stealth).
  1971 | D:3      | 1971 ||| Stepping ~*~*~tactically~*~*~ (hiding).
  2006 | D:3      | 2006 ||| Stepping ~*~*~tactically~*~*~ (stealth).
  2206 | D:3      | 2206 ||| Stepping ~*~*~tactically~*~*~ (hiding).
  2359 | D:3      | Reached XP level 4. HP: 39/39 MP: 3/3
  2361 | D:3      | Reached skill level 6 in Axes
  2363 | D:3      | 2363 ||| Stepping ~*~*~tactically~*~*~ (stealth).
  2422 | D:3      | 2422 ||| DROPPING +0 whip of electrocution.
  2929 | D:3      | 2929 ||| UPGRADING to +0 pair of gloves of dexterity.
  2934 | D:3      | 2934 ||| READING scroll labelled LYRAZE DANI.
  2935 | D:3      | 2935 ||| READING scroll labelled WAUVUFR VEDD.
  2940 | D:3      | 2940 ||| DRINKING 2 ruby potions.
  3045 | D:3      | 3045 ||| DRINKING 2 dark potions.
  3046 | D:3      | 3046 ||| DRINKING 2 puce potions.
  3047 | D:3      | 3047 ||| READING 3 scrolls of identify.
  3047 | D:3      | 3047 ||| IDENTIFYING green potion
  3048 | D:3      | 3048 ||| READING 2 scrolls of identify.
  3048 | D:3      | 3048 ||| IDENTIFYING white potion
  3049 | D:3      | 3049 ||| DROPPING potion of degeneration.
  3050 | D:3      | 3050 ||| DROPPING potion of flight.
  3051 | D:3      | 3051 ||| DROPPING potion of berserk rage.
  3052 | D:3      | 3052 ||| DROPPING potion of brilliance.
  3060 | D:4      | 3060 ||| PLANNING SEWER
  3095 | D:4      | Found a glowing golden altar of the Shining One.
  3096 | D:4      | Found a glowing silver altar of Zin.
  3096 | D:4      | Found a white marble altar of Elyvilon.
  3121 | D:4      | 3121 ||| Stepping ~*~*~tactically~*~*~ (hiding).
  3123 | D:4      | 3123 ||| INVOKING Berserk.
  3243 | D:4      | 3243 ||| Stepping ~*~*~tactically~*~*~ (stealth).
  3244 | D:4      | 3244 ||| Stepping ~*~*~tactically~*~*~ (stealth).
  3265 | D:4      | 3265 ||| INVOKING Berserk.
  3269 | D:4      | Reached XP level 5. HP: 45/45 MP: 4/4
  3376 | D:4      | Found Taituho's General Store.
  3379 | D:4      | 3379 ||| BUYING +0 buckler (58 gold).
  3379 | D:4      | Bought a +0 buckler for 58 gold pieces
  3379 | D:4      | 3379 ||| SHOPLISTING +0 scale mail (52 gold, have 34).
  3379 | D:4      | 3379 ||| BUYING scroll of identify (26 gold).
  3379 | D:4      | Bought a scroll of identify for 26 gold pieces
  3405 | D:4      | Reached skill level 4 in Fighting
  3423 | D:4      | 3423 ||| INVOKING Berserk.
  3532 | D:4      | 3532 ||| Stepping ~*~*~tactically~*~*~ (stealth).
  3540 | D:4      | Found a glowing drain.
  3541 | D:4      | 3541 ||| UPGRADING to +0 buckler.
  3546 | D:4      | 3546 ||| READING 2 scrolls of identify.
  3546 | D:4      | 3546 ||| IDENTIFYING glowing puce potion
  3547 | D:4      | 3547 ||| DROPPING potion of attraction.
  3555 | D:4      | 3555 ||| Stepping ~*~*~tactically~*~*~ (water).
  3558 | Sewer    | Entered a sewer
  3604 | Sewer    | Noticed a water moccasin
  3611 | Sewer    | Killed a water moccasin
  3612 | Sewer    | Reached skill level 3 in Shields
  3612 | Sewer    | Reached XP level 6. HP: 48/52 MP: 5/5
  3649 | Sewer    | 3649 ||| DROPPING ring of flight.
  3650 | Sewer    | 3650 ||| READING scroll labelled JOTERA PABAWN.
  3668 | D:4      | 3668 ||| PLANNING D:1-11
  3866 | D:4      | 3866 ||| Stepping ~*~*~tactically~*~*~ (stealth).
  3939 | D:4      | Found Hoidou's Weapon Boutique.
  4075 | D:4      | 4075 ||| Stepping ~*~*~tactically~*~*~ (hiding).
  4083 | D:4      | 4083 ||| INVOKING Berserk.
  4297 | D:4      | 4297 ||| Stepping ~*~*~tactically~*~*~ (hiding).
  4299 | D:4      | 4299 ||| Stepping ~*~*~tactically~*~*~ (hiding).
  4302 | D:4      | 4302 ||| INVOKING Berserk.
  4471 | D:4      | 4471 ||| INVOKING Berserk.
  4583 | D:4      | 4583 ||| UPGRADING to +0 scale mail.
  4593 | D:4      | 4593 ||| DROPPING +1 robe of fire resistance.
  4594 | D:4      | 4594 ||| DROPPING +0 ring mail.
  4618 | D:5      | Entered Level 5 of the Dungeon
  4619 | D:5      | 4619 ||| STAIRDANCE
  4665 | D:5      | Noticed Duvessa
  4670 | D:5      | 4670 ||| INVOKING Berserk.
  4671 | D:5      | Killed Duvessa
  4672 | D:5      | Reached XP level 7. HP: 59/59 MP: 6/6
  4680 | D:5      | Noticed Dowan
  4685 | D:5      | Killed Dowan
  4685 | D:5      | Reached *** piety under Trog
  4686 | D:5      | Reached skill level 9 in Axes
  4991 | D:5      | Noticed Edmund
  4995 | D:5      | 4995 ||| INVOKING Berserk.
  5000 | D:5      | Killed Edmund
  5001 | D:5      | Reached skill level 5 in Fighting
  5168 | D:5      | Found Jacir's Tremendous Tomes.
  5588 | D:5      | 5588 ||| UPGRADING to +0 chain mail.
  5598 | D:5      | 5598 ||| DROPPING +0 scale mail.
  5599 | D:5      | 5599 ||| UPGRADING to +6 ring of dexterity.
  5600 | D:5      | 5600 ||| READING scroll labelled EQOALL GYIMAAPN.
  5601 | D:5      | 5601 ||| DRINKING 2 fizzy ruby potions.
  5602 | D:5      | 5602 ||| READING 2 scrolls of identify.
  5602 | D:5      | 5602 ||| IDENTIFYING sapphire potion
  5664 | D:6      | Found a radiant altar of Vehumet.
  5665 | D:6      | Found a stormy altar of Qazlal.
  5677 | D:6      | Reached skill level 3 in Armour
  5683 | D:6      | Noticed a steam dragon
  5685 | D:6      | 5685 ||| INVOKING Berserk.
  5687 | D:6      | Killed a steam dragon
  5688 | D:6      | Reached XP level 8. HP: 68/68 MP: 7/7
  5697 | D:6      | Reached skill level 1 in Throwing
  5841 | D:6      | Found a sacrificial altar of Ru.
  5842 | D:6      | Found a shimmering blue altar of Sif Muna.
  5906 | D:6      | Reached skill level 3 in Dodging
  5934 | D:6      | Found a staircase to the Ecumenical Temple.
  6045 | D:6      | Noticed a moth of wrath
  6048 | D:6      | Found a bloodstained altar of Trog.
  6071 | D:6      | 6071 ||| DROPPING +0 flail.
  6223 | D:6      | 6223 ||| Stepping ~*~*~tactically~*~*~ (stealth).
  6344 | D:6      | 6344 ||| INVOKING Berserk.
  6347 | D:6      | Reached skill level 6 in Fighting
  6834 | D:6      | 6834 ||| SWAPPING to +0 war axe.
  6835 | D:6      | 6835 ||| DROPPING +1 spectral hand axe.
  6842 | D:6      | 6842 ||| UPGRADING to +0 plate armour.
  6852 | D:6      | 6852 ||| DROPPING +0 chain mail.
  6853 | D:6      | 6853 ||| READING scroll labelled FUOHAE EDAMPEFF.
  6854 | D:6      | 6854 ||| READING 2 scrolls of identify.
  6854 | D:6      | 6854 ||| IDENTIFYING silvery potion
  6876 | D:7      | 6876 ||| STAIRDANCE
  6898 | D:7      | 6898 ||| INVOKING Berserk.
  6903 | D:7      | 6903 ||| STAIRDANCE
  7055 | D:7      | Noticed a hornet
  7063 | D:7      | Killed a hornet
  7128 | D:7      | 7128 ||| Stepping ~*~*~tactically~*~*~ (stealth).
  7131 | D:7      | 7131 ||| Stepping ~*~*~tactically~*~*~ (hiding).
  7135 | D:7      | HP: 15/71 [acid dragon/splash of acid (21)]
  7136 | D:7      | 7136 ||| READING 4 scrolls of teleportation.
  7136 | D:7      | HP: 7/71 [acid dragon (8)]
  7136 | D:7      | HP: 2/71 [acid dragon (5)]
  7137 | D:7      | 7137 ||| DRINKING potion of heal wounds.
  7138 | D:7      | 7138 ||| INVOKING Berserk.
  7229 | D:7      | 7229 ||| Stepping ~*~*~tactically~*~*~ (hiding).
  7233 | D:7      | 7233 ||| DRINKING 2 potions of curing.
  7233 | D:7      | 7233 ||| (to cure confusion)
  7235 | D:7      | 7235 ||| DRINKING potion of curing.
  7235 | D:7      | 7235 ||| (to cure confusion)
  7240 | D:7      | Reached XP level 9. HP: 78/78 MP: 8/8
  7252 | D:7      | 7252 ||| Invisible monster not found???
  7254 | D:7      | Found Veschi's General Store.
  7268 | D:7      | 7268 ||| BUYING +0 cloak of stealth (138 gold).
  7268 | D:7      | Bought a +0 cloak of stealth for 138 gold pieces
  7268 | D:7      | 7268 ||| BUYING scroll of teleportation (36 gold).
  7268 | D:7      | Bought a scroll of teleportation for 36 gold pieces
  7279 | D:7      | 7279 ||| Stepping ~*~*~tactically~*~*~ (stealth).
  7280 | D:7      | 7280 ||| Stepping ~*~*~tactically~*~*~ (stealth).
  7282 | D:7      | 7282 ||| Stepping ~*~*~tactically~*~*~ (hiding).
  7343 | D:7      | 7343 ||| READING scroll of brand weapon.
  7343 | D:7      | 7343 ||| BRANDING +0 war axe.
  7352 | D:7      | 7352 ||| Stepping ~*~*~tactically~*~*~ (stealth).
  7399 | D:7      | Identified the +3 quarterstaff "Koothuw" {freeze, Int+7}
  7447 | D:7      | 7447 ||| Stepping ~*~*~tactically~*~*~ (stealth).
  7449 | D:7      | 7449 ||| Stepping ~*~*~tactically~*~*~ (hiding).
  7450 | D:7      | 7450 ||| Stepping ~*~*~tactically~*~*~ (hiding).
  7451 | D:7      | 7451 ||| Stepping ~*~*~tactically~*~*~ (hiding).
  7729 | D:7      | 7729 ||| UPGRADING to +0 cloak of stealth.
  7773 | D:8      | Reached skill level 12 in Axes
  7792 | D:8      | Reached skill level 6 in Armour
  7798 | D:8      | Reached skill level 7 in Fighting
  7806 | D:8      | 7806 ||| INVOKING Berserk.
  7852 | D:8      | Reached **** piety under Trog
  7860 | D:8      | Reached XP level 10. HP: 73/86 MP: 9/9
  8039 | D:8      | 8039 ||| Stepping ~*~*~tactically~*~*~ (hiding).
  8216 | D:8      | Noticed a manticore
  8217 | D:8      | 8217 ||| Stepping ~*~*~tactically~*~*~ (hiding).
  8222 | D:8      | 8222 ||| INVOKING Berserk.
  8225 | D:8      | Killed a manticore
  8226 | D:8      | Reached skill level 8 in Fighting
  8371 | D:8      | 8371 ||| READING scroll labelled USUYXI ZOECEGG.
  8372 | D:8      | 8372 ||| READING 2 scrolls of identify.
  8372 | D:8      | 8372 ||| IDENTIFYING viscous green potion
  8426 | D:9      | 8426 ||| Stepping ~*~*~tactically~*~*~ (hiding).
  8429 | D:9      | 8429 ||| INVOKING Berserk.
  8595 | D:9      | 8595 ||| Stepping ~*~*~tactically~*~*~ (stealth).
  8980 | D:9      | Noticed a deep elf pyromancer
  8994 | D:9      | Killed a deep elf pyromancer
  9089 | D:9      | Found Jiawikh's Specific Store.
  9092 | D:9      | Found Egosirph's General Store.
  9100 | D:9      | 9100 ||| BUYING scroll of identify (28 gold).
  9100 | D:9      | Bought a scroll of identify for 28 gold pieces
  9100 | D:9      | 9100 ||| BUYING scroll of teleportation (42 gold).
  9100 | D:9      | Bought a scroll of teleportation for 42 gold pieces
  9124 | D:9      | 9124 ||| READING scroll labelled VIUDIS XUIT.
  9127 | D:10     | Entered Level 10 of the Dungeon
  9130 | D:10     | 9130 ||| INVOKING Berserk.
  9240 | D:10     | 9240 ||| Stepping ~*~*~tactically~*~*~ (stealth).
  9281 | D:10     | Noticed an obsidian statue
  9282 | D:10     | 9282 ||| INVOKING Brothers in Arms.
  9283 | D:10     | 9283 ||| INVOKING Brothers in Arms.
  9284 | D:10     | 9284 ||| INVOKING Brothers in Arms.
  9288 | D:10     | Noticed Maurice
  9299 | D:10     | Killed an obsidian statue
  9300 | D:10     | Reached skill level 15 in Axes
  9313 | D:10     | Killed Maurice
  9324 | D:10     | Found a portal to a secret trove of treasure.
  9374 | D:10     | Reached skill level 9 in Fighting
  9402 | D:10     | Found a staircase to the Lair.
  9403 | D:10     | 9403 ||| INVOKING Berserk.
  9546 | D:10     | Noticed a gargoyle
  9588 | D:10     | Killed a gargoyle
  9645 | D:10     | Noticed a gargoyle
  9650 | D:10     | Killed a gargoyle
  9657 | D:10     | Noticed Urug
  9662 | D:10     | 9662 ||| INVOKING Berserk.
  9666 | D:10     | Killed Urug
  9667 | D:10     | Reached XP level 11. HP: 97/97 MP: 10/10
  9782 | D:10     | 9782 ||| Stepping ~*~*~tactically~*~*~ (stealth).
  9784 | D:10     | 9784 ||| Stepping ~*~*~tactically~*~*~ (stealth).
  9824 | D:10     | 9824 ||| INVOKING Berserk.
  9833 | D:10     | Reached skill level 3 in Throwing
  9976 | D:10     | Found a blossoming altar of Fedhas.
  9983 | D:10     | Found a basalt altar of Yredelemnul.
 10070 | D:10     | 10070 ||| PLANNING LAIR
 10070 | D:10     | 10070 ||| UPGRADING to +2 cloak.
 10080 | D:10     | 10080 ||| DROPPING +0 cloak of stealth.
 10081 | D:10     | 10081 ||| READING scroll labelled XEONAYSKUYRCH.
 10081 | D:10     | Identified a scroll of acquirement
 10081 | D:10     | 10081 ||| ACQUIRING +1 hat of see invisible
 10081 | D:10     | Acquired a +1 hat of see invisible
 10083 | D:10     | 10083 ||| UPGRADING to +1 hat of see invisible.
 10088 | D:10     | 10088 ||| DRINKING 2 bubbling black potions.
 10089 | D:10     | 10089 ||| DROPPING potion of magic.
 10123 | Lair:1   | Entered Level 1 of the Lair of Beasts
 10256 | Lair:1   | 10256 ||| Stepping ~*~*~tactically~*~*~ (stealth).
 10257 | Lair:1   | 10257 ||| Stepping ~*~*~tactically~*~*~ (stealth).
 10265 | Lair:1   | 10265 ||| Stepping ~*~*~tactically~*~*~ (stealth).
 10362 | Lair:1   | 10362 ||| INVOKING Berserk.
 10391 | Lair:1   | 10391 ||| Stepping ~*~*~tactically~*~*~ (stealth).
 10479 | Lair:1   | Reached skill level 6 in Shields
 10480 | Lair:1   | 10480 ||| Stepping ~*~*~tactically~*~*~ (stealth).
 10529 | Lair:1   | 10529 ||| INVOKING Berserk.
 10720 | Lair:1   | Noticed an eight-headed hydra
 10721 | Lair:1   | 10721 ||| INVOKING Brothers in Arms.
 10722 | Lair:1   | 10722 ||| INVOKING Brothers in Arms.
 10724 | Lair:1   | 10724 ||| SWAPPING to +0 morningstar.
 10725 | Lair:1   | 10725 ||| INVOKING Berserk.
 10726 | Lair:1   | Killed an eight-headed hydra
 10727 | Lair:1   | Reached skill level 10 in Fighting
 10733 | Lair:1   | 10733 ||| SWAPPING to +0 war axe of protection.
 10877 | Lair:1   | 10877 ||| INVOKING Berserk.
 11107 | Lair:1   | 11107 ||| INVOKING Berserk.
 11112 | Lair:1   | Reached skill level 9 in Armour
 11265 | Lair:1   | Noticed an eight-headed hydra
 11268 | Lair:1   | 11268 ||| SWAPPING to +0 morningstar.
 11270 | Lair:1   | 11270 ||| INVOKING Berserk.
 11278 | Lair:1   | Killed an eight-headed hydra
 11296 | Lair:1   | 11296 ||| SWAPPING to +0 war axe of protection.
 11454 | Lair:1   | 11454 ||| DROPPING amulet of faith.
 11479 | Lair:2   | 11479 ||| STAIRDANCE
 11485 | Lair:2   | 11485 ||| STAIRDANCE
 11487 | Lair:1   | 11487 ||| INVOKING Berserk.
 11598 | Lair:2   | 11598 ||| STAIRDANCE
 11600 | Lair:1   | 11600 ||| INVOKING Berserk.
 11603 | Lair:1   | Reached skill level 6 in Dodging
 11731 | Lair:2   | 11731 ||| STAIRDANCE
 11733 | Lair:1   | 11733 ||| INVOKING Berserk.
 11850 | Lair:2   | 11850 ||| INVOKING Berserk.
 11967 | Lair:2   | 11967 ||| Stepping ~*~*~tactically~*~*~ (stealth).
 11984 | Lair:2   | Reached XP level 12. HP: 87/108 MP: 11/11
 12039 | Lair:2   | Reached skill level 11 in Fighting
 12139 | Lair:2   | Found a staircase to the Swamp.
 12189 | Lair:2   | 12189 ||| Stepping ~*~*~tactically~*~*~ (water).
 12190 | Lair:2   | 12190 ||| INVOKING Berserk.
 12227 | Lair:2   | 12227 ||| Stepping ~*~*~tactically~*~*~ (water).
 12229 | Lair:2   | HP: 28/112 [elephant (3)]
 12230 | Lair:2   | 12230 ||| READING 14 scrolls of teleportation.
 12232 | Lair:2   | 12232 ||| DRINKING potion of heal wounds.
 12332 | Lair:2   | Reached skill level 12 in Fighting
 12354 | Lair:2   | Noticed a death yak
 12354 | Lair:2   | Noticed a death yak
 12357 | Lair:2   | 12357 ||| INVOKING Berserk.
 12362 | Lair:2   | Killed a death yak
 12364 | Lair:2   | Noticed a death yak
 12365 | Lair:2   | Noticed a death yak
 12369 | Lair:2   | Killed a death yak
 12370 | Lair:2   | Noticed a death yak
 12374 | Lair:2   | Noticed a death yak
 12379 | Lair:2   | Killed a death yak
 12389 | Lair:2   | Killed a death yak
 12390 | Lair:2   | Killed a death yak
 12398 | Lair:2   | HP: 26/113 [elephant (5)]
 12399 | Lair:2   | 12399 ||| READING 13 scrolls of teleportation.
 12401 | Lair:2   | HP: 8/113 [death yak (17)]
 12402 | Lair:2   | Killed a death yak
 12565 | Lair:2   | 12565 ||| Stepping ~*~*~tactically~*~*~ (stealth).
 12578 | Lair:2   | 12578 ||| Stepping ~*~*~tactically~*~*~ (stealth).
 12579 | Lair:2   | 12579 ||| Stepping ~*~*~tactically~*~*~ (stealth).
 12591 | Lair:2   | Reached skill level 13 in Fighting
 12700 | Lair:2   | 12700 ||| INVOKING Berserk.
 12935 | Lair:2   | 12935 ||| UPGRADING to ring of protection from cold.
 12951 | Lair:3   | 12951 ||| STAIRDANCE
 12953 | Lair:2   | 12953 ||| INVOKING Berserk.
 13071 | Lair:3   | 13071 ||| STAIRDANCE
 13073 | Lair:2   | 13073 ||| INVOKING Berserk.
 13076 | Lair:2   | Reached XP level 13. HP: 122/122 MP: 12/12
 13202 | Lair:3   | 13202 ||| INVOKING Berserk.
 13214 | Lair:3   | 13214 ||| FLEEEEING.
 13215 | Lair:3   | 13215 ||| STAIRDANCE
 13327 | Lair:3   | 13327 ||| INVOKING Berserk.
 13338 | Lair:3   | 13338 ||| STAIRDANCE
 13480 | Lair:3   | 13480 ||| Stepping ~*~*~tactically~*~*~ (stealth).
 13484 | Lair:3   | 13484 ||| Stepping ~*~*~tactically~*~*~ (stealth).
 13490 | Lair:3   | 13490 ||| Stepping ~*~*~tactically~*~*~ (stealth).
 13509 | Lair:3   | 13509 ||| Stepping ~*~*~tactically~*~*~ (stealth).
 13515 | Lair:3   | Reached skill level 12 in Armour
 13519 | Lair:3   | 13519 ||| Stepping ~*~*~tactically~*~*~ (stealth).
 13520 | Lair:3   | 13520 ||| Stepping ~*~*~tactically~*~*~ (stealth).
 13524 | Lair:3   | 13524 ||| Stepping ~*~*~tactically~*~*~ (stealth).
 13539 | Lair:3   | 13539 ||| INVOKING Berserk.
 13543 | Lair:3   | Found a hole to the Spider Nest.
 13740 | Lair:3   | 13740 ||| INVOKING Berserk.
 13869 | Lair:3   | 13869 ||| INVOKING Berserk.
 13877 | Lair:3   | Reached skill level 9 in Shields
 14055 | Lair:3   | 14055 ||| INVOKING Berserk.
 14177 | Lair:3   | 14177 ||| Stepping ~*~*~tactically~*~*~ (stealth).
 14178 | Lair:3   | 14178 ||| INVOKING Berserk.
 14186 | Lair:3   | 14186 ||| Stepping ~*~*~tactically~*~*~ (stealth).
 14560 | Lair:3   | 14560 ||| Stepping ~*~*~tactically~*~*~ (stealth).
 14564 | Lair:3   | 14564 ||| INVOKING Berserk.
 14567 | Lair:3   | Reached skill level 6 in Throwing
 14743 | Lair:3   | 14743 ||| Stepping ~*~*~tactically~*~*~ (hiding).
 15340 | Lair:4   | 15340 ||| INVOKING Berserk.
 15357 | Lair:4   | 15357 ||| Stepping ~*~*~tactically~*~*~ (stealth).
 15424 | Lair:4   | Reached skill level 14 in Fighting
 15514 | Lair:4   | 15514 ||| INVOKING Berserk.
 15575 | Lair:4   | 15575 ||| INVOKING Brothers in Arms.
 15576 | Lair:4   | 15576 ||| INVOKING Brothers in Arms.
 15577 | Lair:4   | 15577 ||| SWAPPING to +0 morningstar.
 15578 | Lair:4   | 15578 ||| INVOKING Berserk.
 15625 | Lair:4   | 15625 ||| SWAPPING to +0 war axe of protection.
 15652 | Lair:4   | 15652 ||| Stepping ~*~*~tactically~*~*~ (stealth).
 16022 | Lair:4   | 16022 ||| DROPPING amulet of guardian spirit.
 16023 | Lair:4   | 16023 ||| UPGRADING to ring of protection from fire.
 16034 | Lair:5   | Entered Level 5 of the Lair of Beasts
 16046 | Lair:5   | 16046 ||| Stepping ~*~*~tactically~*~*~ (stealth).
 16148 | Lair:5   | 16148 ||| INVOKING Brothers in Arms.
 16149 | Lair:5   | 16149 ||| INVOKING Brothers in Arms.
 16151 | Lair:5   | 16151 ||| SWAPPING to +0 morningstar.
 16152 | Lair:5   | 16152 ||| INVOKING Berserk.
 16163 | Lair:5   | 16163 ||| SWAPPING to +0 war axe of protection.
 16196 | Lair:5   | 16196 ||| Stepping ~*~*~tactically~*~*~ (stealth).
 16197 | Lair:5   | 16197 ||| Stepping ~*~*~tactically~*~*~ (stealth).
 16205 | Lair:5   | 16205 ||| Stepping ~*~*~tactically~*~*~ (stealth).
 16208 | Lair:5   | 16208 ||| INVOKING Berserk.
 16224 | Lair:5   | 16224 ||| Stepping ~*~*~tactically~*~*~ (stealth).
 16225 | Lair:5   | 16225 ||| Stepping ~*~*~tactically~*~*~ (stealth).
 16226 | Lair:5   | 16226 ||| Stepping ~*~*~tactically~*~*~ (stealth).
 16267 | Lair:5   | 16267 ||| Stepping ~*~*~tactically~*~*~ (stealth).
 16269 | Lair:5   | 16269 ||| INVOKING Berserk.
 16417 | Lair:5   | 16417 ||| Stepping ~*~*~tactically~*~*~ (stealth).
 16438 | Lair:5   | 16438 ||| INVOKING Berserk.
 16454 | Lair:5   | Reached skill level 15 in Fighting
 16616 | Lair:5   | 16616 ||| INVOKING Berserk.
 16876 | Lair:5   | 16876 ||| Stepping ~*~*~tactically~*~*~ (stealth).
 16877 | Lair:5   | 16877 ||| Stepping ~*~*~tactically~*~*~ (stealth).
 16912 | Lair:5   | 16912 ||| Stepping ~*~*~tactically~*~*~ (hiding).
 16929 | Lair:5   | Paralysed by a hornet for 3 turns
 17009 | Lair:5   | 17009 ||| Stepping ~*~*~tactically~*~*~ (stealth).
 17017 | Lair:5   | 17017 ||| Stepping ~*~*~tactically~*~*~ (stealth).
 17019 | Lair:5   | 17019 ||| Stepping ~*~*~tactically~*~*~ (stealth).
 17021 | Lair:5   | 17021 ||| Stepping ~*~*~tactically~*~*~ (stealth).
 17023 | Lair:5   | 17023 ||| INVOKING Berserk.
 17037 | Lair:5   | Reached XP level 14. HP: 135/135 MP: 13/13
 17053 | Lair:5   | 17053 ||| Stepping ~*~*~tactically~*~*~ (stealth).
 17054 | Lair:5   | 17054 ||| Stepping ~*~*~tactically~*~*~ (stealth).
 17100 | Lair:5   | 17100 ||| Stepping ~*~*~tactically~*~*~ (hiding).
 17314 | Lair:5   | 17314 ||| Stepping ~*~*~tactically~*~*~ (stealth).
 17322 | Lair:5   | Reached ***** piety under Trog
 17342 | Lair:5   | 17342 ||| Stepping ~*~*~tactically~*~*~ (stealth).
 17344 | Lair:5   | 17344 ||| Stepping ~*~*~tactically~*~*~ (stealth).
 17660 | Lair:5   | Found a staircase to the Slime Pits.
 17718 | Lair:5   | 17718 ||| PLANNING D:1-11
 17718 | Lair:5   | 17718 ||| READING 14 scrolls of identify.
 17718 | Lair:5   | 17718 ||| IDENTIFYING glowing yellow potion
 17719 | Lair:5   | 17719 ||| DROPPING potion of ambrosia.
 17943 | D:11     | 17943 ||| INVOKING Brothers in Arms.
 17947 | D:11     | 17947 ||| SWAPPING to +0 morningstar.
 17949 | D:11     | 17949 ||| INVOKING Berserk.
 17955 | D:11     | 17955 ||| SWAPPING to +0 war axe of protection.
 18086 | D:11     | 18086 ||| DROPPING +2 war axe of pain.
 18125 | D:11     | 18125 ||| Stepping ~*~*~tactically~*~*~ (hiding).
 18165 | D:11     | Found Bixona's Distillery.
 18173 | D:11     | 18173 ||| BUYING 2 potions of haste (280 gold).
 18173 | D:11     | Bought 2 potions of haste for 280 gold pieces
 18173 | D:11     | 18173 ||| BUYING potion of curing (42 gold).
 18173 | D:11     | Bought a potion of curing for 42 gold pieces
 18173 | D:11     | 18173 ||| BUYING potion of heal wounds (70 gold).
 18173 | D:11     | Bought a potion of heal wounds for 70 gold pieces
 18411 | D:11     | 18411 ||| Stepping ~*~*~tactically~*~*~ (stealth).
 18412 | D:11     | 18412 ||| Stepping ~*~*~tactically~*~*~ (hiding).
 18599 | D:11     | 18599 ||| Stepping ~*~*~tactically~*~*~ (stealth).
 18632 | D:11     | 18632 ||| DROPPING +0 flail of protection.
 19264 | D:11     | 19264 ||| PLANNING D
 19506 | D:12     | Found a staircase to the Orcish Mines.
 19521 | D:12     | 19521 ||| Stepping ~*~*~tactically~*~*~ (stealth).
 19523 | D:12     | 19523 ||| Stepping ~*~*~tactically~*~*~ (stealth).
 19573 | D:12     | Reached skill level 16 in Fighting
 19685 | D:12     | 19685 ||| INVOKING Berserk.
 19844 | D:12     | 19844 ||| Stepping ~*~*~tactically~*~*~ (stealth).
 19861 | D:12     | 19861 ||| Stepping ~*~*~tactically~*~*~ (hiding).
 19862 | D:12     | 19862 ||| Stepping ~*~*~tactically~*~*~ (hiding).
 19962 | D:12     | Reached skill level 17 in Fighting
 20043 | D:12     | Reached skill level 15 in Armour
 20100 | D:12     | 20100 ||| INVOKING Trog's Hand.
 20101 | D:12     | 20101 ||| INVOKING Brothers in Arms.
 20102 | D:12     | 20102 ||| INVOKING Berserk.
 20240 | D:12     | 20240 ||| DRINKING 4 potions of curing.
 20240 | D:12     | 20240 ||| (to cure confusion)
 20285 | D:12     | 20285 ||| DROPPING +0 war axe of electrocution.
 20348 | D:12     | Identified the +6 plate armour of Mumblety Peg {+Inv}
 20412 | D:12     | Found the +8 Vampire's Tooth {vamp}
 20454 | D:12     | 20454 ||| Stepping ~*~*~tactically~*~*~ (stealth).
 20537 | D:12     | 20537 ||| Stepping ~*~*~tactically~*~*~ (hiding).
 20814 | D:12     | 20814 ||| DROPPING +1 chain mail of fire resistance.
 20815 | D:12     | 20815 ||| UPGRADING to +6 plate armour of Mumblety Peg
                  | {+Inv}.
 20825 | D:12     | 20825 ||| DROPPING +0 plate armour.
 20826 | D:12     | 20826 ||| UPGRADING to ring of poison resistance.
 20844 | D:13     | 20844 ||| PLANNING GAUNTLET
 20877 | D:13     | 20877 ||| INVOKING Berserk.
 20889 | D:13     | Reached XP level 15. HP: 149/149 MP: 14/14
 20893 | D:13     | 20893 ||| INVOKING Brothers in Arms.
 21010 | D:13     | 21010 ||| READING scroll of brand weapon.
 21010 | D:13     | 21010 ||| BRANDING +0 war axe of protection.
 21011 | D:13     | 21011 ||| DROPPING +0 morningstar.
 21114 | D:13     | 21114 ||| Stepping ~*~*~tactically~*~*~ (hiding).
 21115 | D:13     | 21115 ||| Stepping ~*~*~tactically~*~*~ (hiding).
 21118 | D:13     | Found a gate leading to a gauntlet.
 21122 | D:13     | Reached skill level 9 in Dodging
 21138 | D:13     | 21138 ||| READING 16 scrolls of identify.
 21138 | D:13     | 21138 ||| IDENTIFYING bubbling brown potion
 21139 | D:13     | 21139 ||| DROPPING potion of invisibility.
 21149 | Gauntlet | Entered a Gauntlet
 21149 | Gauntlet | Found a large runed translucent door.
 21149 | Gauntlet | Found a large runed translucent door.
 21149 | Gauntlet | Found a large runed translucent door.
 21149 | Gauntlet | Found a large runed translucent door.
 21149 | Gauntlet | Found a large runed translucent door.
 21149 | Gauntlet | Found a large runed translucent door.
 21149 | Gauntlet | Found a transporter.
 21149 | Gauntlet | Found a large runed translucent door.
 21149 | Gauntlet | Found a large runed translucent door.
 21149 | Gauntlet | Found a runed translucent door.
 21149 | Gauntlet | Found a runed translucent gate.
 21149 | Gauntlet | Found a runed translucent gate.
 21149 | Gauntlet | Found a transporter.
 21149 | Gauntlet | Found a transporter.
 21159 | Gauntlet | Found a transporter.
 21162 | Gauntlet | Found a transporter.
 21170 | Gauntlet | Found a transporter.
 21174 | Gauntlet | Found a transporter.
 21181 | Gauntlet | Found a transporter.
 21199 | Gauntlet | Found a transporter.
 21216 | Gauntlet | Found a transporter.
 21230 | Gauntlet | Found a transporter.
 21234 | Gauntlet | Found a runed translucent gate.
 21235 | Gauntlet | Found a large runed translucent door.
 21235 | Gauntlet | Found a large runed translucent door.
 21236 | Gauntlet | Found a large runed translucent door.
 21237 | Gauntlet | Found a large runed translucent door.
 21238 | Gauntlet | Found a large runed translucent door.
 21238 | Gauntlet | Found a large runed translucent door.
 21238 | Gauntlet | Found a runed translucent door.
 21239 | Gauntlet | Found a large runed translucent door.
 21240 | Gauntlet | Found a large runed translucent door.
 21276 | Gauntlet | Found a transporter.
 21324 | Gauntlet | 21324 ||| INVOKING Brothers in Arms.
 21325 | Gauntlet | 21325 ||| INVOKING Berserk.
 21331 | Gauntlet | Reached skill level 18 in Fighting
 21444 | Gauntlet | 21444 ||| DROPPING scarf of harm.
 21451 | Gauntlet | 21451 ||| Stepping randomly (stuck).
 21452 | Gauntlet | 21452 ||| Stepping randomly (stuck).
 21499 | Gauntlet | Identified the -2 cloak of the Black Moon {Will+ Slay+2}
 21501 | Gauntlet | 21501 ||| DROPPING -2 cloak of the Black Moon {Will+
                  | Slay+2}.
 21553 | Gauntlet | 21553 ||| INVOKING Berserk.
 21628 | Gauntlet | 21628 ||| Stepping ~*~*~tactically~*~*~ (stealth).
 21647 | Gauntlet | 21647 ||| INVOKING Berserk.
 21731 | Gauntlet | Identified the +0 robe of Rationality {+Blink Dex+3}
 21758 | D:13     | 21758 ||| PLANNING D
 21766 | D:13     | 21766 ||| Stepping ~*~*~tactically~*~*~ (hiding).
 21823 | D:13     | 21823 ||| Stepping ~*~*~tactically~*~*~ (hiding).
 21826 | D:13     | 21826 ||| Stepping ~*~*~tactically~*~*~ (hiding).
 22234 | D:14     | 22234 ||| Stepping ~*~*~tactically~*~*~ (hiding).
 22337 | D:14     | Found a gate to the Vaults.
 22564 | D:14     | Found a shadowy altar of Dithmenos.
 22739 | D:14     | You fall into a shaft and drop 1 floor!
 22739 | D:15     | Entered Level 15 of the Dungeon
 22765 | D:15     | Reached skill level 9 in Throwing
 22775 | D:15     | 22775 ||| Stepping ~*~*~tactically~*~*~ (stealth).
 22777 | D:15     | 22777 ||| Stepping ~*~*~tactically~*~*~ (stealth).
 22778 | D:15     | 22778 ||| Stepping ~*~*~tactically~*~*~ (stealth).
 22779 | D:15     | 22779 ||| INVOKING Brothers in Arms.
 22786 | D:15     | 22786 ||| INVOKING Trog's Hand.
 22789 | D:15     | 22789 ||| INVOKING Berserk.
 22806 | D:15     | Received a gift from Trog
 22923 | D:15     | Identified the +1 leather armour of Undesirable Species
                  | {rPois Dex+3}
 23045 | D:15     | 23045 ||| Stepping ~*~*~tactically~*~*~ (stealth).
 23048 | D:15     | 23048 ||| Stepping ~*~*~tactically~*~*~ (hiding).
 23249 | D:15     | 23249 ||| READING scroll of enchant weapon.
 23249 | D:15     | 23249 ||| ENCHANTING +0 war axe of flaming.
 23313 | D:15     | 23313 ||| INVOKING Berserk.
 23375 | D:15     | Found a staircase to the Depths.
 23377 | D:15     | 23377 ||| INVOKING Berserk.
 23708 | D:14     | 23708 ||| INVOKING Brothers in Arms.
 23711 | D:14     | 23711 ||| DRINKING 5 potions of curing.
 23711 | D:14     | 23711 ||| (to cure confusion)
 23723 | D:14     | 23723 ||| INVOKING Brothers in Arms.
 23724 | D:14     | 23724 ||| DRINKING 4 potions of curing.
 23724 | D:14     | 23724 ||| (to cure confusion)
 23730 | D:14     | 23730 ||| DRINKING 3 potions of curing.
 23730 | D:14     | 23730 ||| (to cure confusion)
 23733 | D:14     | 23733 ||| INVOKING Brothers in Arms.
 23755 | D:14     | 23755 ||| INVOKING Berserk.
 23768 | D:14     | 23768 ||| DRINKING 2 potions of curing.
 23768 | D:14     | 23768 ||| (to cure confusion)
 23771 | D:14     | 23771 ||| INVOKING Brothers in Arms.
 23772 | D:14     | 23772 ||| DRINKING potion of curing.
 23772 | D:14     | 23772 ||| (to cure confusion)
 23772 | D:14     | HP: 34/145 [eight-headed hydra[an orange crystal statue]
                  | (10)]
 23773 | D:14     | 23773 ||| READING 22 scrolls of teleportation.
 23773 | D:14     | HP: 12/145 [meliai/divine providence[an orange crystal
                  | statue] (13)]
 23773 | D:14     | HP: 5/145 [meliai/+0 hand axe[an orange crystal statue]
                  | (7)]
 23773 | D:14     | HP: 2/145 [meliai/+0 war axe[an orange crystal statue] (3)]
 23774 | D:14     | 23774 ||| DRINKING 4 potions of heal wounds.
 23989 | D:14     | 23989 ||| INVOKING Brothers in Arms.
 23990 | D:14     | 23990 ||| INVOKING Brothers in Arms.
 23991 | D:14     | 23991 ||| INVOKING Brothers in Arms.
 24010 | D:14     | 24010 ||| INVOKING Berserk.
 24130 | D:14     | 24130 ||| INVOKING Berserk.
 24527 | D:15     | 24527 ||| INVOKING Berserk.
 24647 | D:15     | Identified the +5 scimitar of Brutal Revenge {freeze,
                  | Str+4}
 24745 | D:15     | 24745 ||| INVOKING Berserk.
 24882 | D:15     | 24882 ||| Stepping ~*~*~tactically~*~*~ (stealth).
 24885 | D:15     | 24885 ||| INVOKING Berserk.
 25103 | D:15     | 25103 ||| PLANNING ORC
 25103 | D:15     | 25103 ||| DROPPING amulet of magic regeneration.
 25211 | Orc:1    | Entered Level 1 of the Orcish Mines
 25226 | Orc:1    | 25226 ||| Stepping ~*~*~tactically~*~*~ (stealth).
 25234 | Orc:1    | 25234 ||| Stepping ~*~*~tactically~*~*~ (stealth).
 25236 | Orc:1    | 25236 ||| Stepping ~*~*~tactically~*~*~ (stealth).
 25237 | Orc:1    | 25237 ||| Stepping ~*~*~tactically~*~*~ (stealth).
 25238 | Orc:1    | 25238 ||| Stepping ~*~*~tactically~*~*~ (stealth).
 25241 | Orc:1    | 25241 ||| INVOKING Trog's Hand.
 25245 | Orc:1    | 25245 ||| INVOKING Berserk.
 25259 | Orc:1    | 25259 ||| Stepping ~*~*~tactically~*~*~ (stealth).
 25260 | Orc:1    | 25260 ||| Stepping ~*~*~tactically~*~*~ (stealth).
 25307 | Orc:1    | 25307 ||| Stepping ~*~*~tactically~*~*~ (stealth).
 25310 | Orc:1    | 25310 ||| Stepping ~*~*~tactically~*~*~ (stealth).
 25312 | Orc:1    | 25312 ||| Stepping ~*~*~tactically~*~*~ (stealth).
 25343 | Orc:1    | Found Gog Huv's Jewellery Emporium.
 25390 | Orc:1    | 25390 ||| INVOKING Berserk.
 25501 | Orc:1    | 25501 ||| BUYING +6 ring of strength (612 gold).
 25501 | Orc:1    | Bought a +6 ring of strength for 612 gold pieces
 25501 | Orc:1    | 25501 ||| SHOPLISTING amulet "Leul" {RegenMP +Blink rC-
                  | Str+2 Slay+5} (1057 gold, have 687).
 25501 | Orc:1    | 25501 ||| SHOPLISTING ring "Oteakef" {*Corrode rC+++ Int-4
                  | Dex+6 SInv} (1159 gold, have 687).
 25501 | Orc:1    | 25501 ||| BUYING ring of see invisible (255 gold).
 25501 | Orc:1    | Bought a ring of see invisible for 255 gold pieces
 25526 | Orc:1    | 25526 ||| DROPPING ring of positive energy.
 25527 | Orc:1    | 25527 ||| UPGRADING to +6 ring of strength.
 25545 | Orc:2    | Entered Level 2 of the Orcish Mines
 25630 | Orc:2    | Found a staircase to the Elven Halls.
 25666 | Orc:2    | 25666 ||| INVOKING Berserk.
 25674 | Orc:2    | Noticed an orc warlord
 25687 | Orc:2    | 25687 ||| INVOKING Trog's Hand.
 25689 | Orc:2    | HP: 35/150 [sixfirhy[an orc high priest] (11)]
 25689 | Orc:2    | HP: 16/150 [sixfirhy[an orc high priest] (9)]
 25690 | Orc:2    | 25690 ||| READING 21 scrolls of teleportation.
 25691 | Orc:2    | 25691 ||| DRINKING 3 potions of heal wounds.
 25782 | Orc:2    | 25782 ||| INVOKING Berserk.
 25999 | Orc:2    | 25999 ||| Stepping ~*~*~tactically~*~*~ (hiding).
 26001 | Orc:2    | 26001 ||| INVOKING Trog's Hand.
 26002 | Orc:2    | 26002 ||| Stepping ~*~*~tactically~*~*~ (hiding).
 26004 | Orc:2    | 26004 ||| INVOKING Berserk.
 26134 | Orc:2    | 26134 ||| Stepping ~*~*~tactically~*~*~ (stealth).
 26136 | Orc:2    | 26136 ||| Stepping ~*~*~tactically~*~*~ (hiding).
 26137 | Orc:2    | 26137 ||| INVOKING Trog's Hand.
 26139 | Orc:2    | 26139 ||| INVOKING Berserk.
 26165 | Orc:2    | 26165 ||| Stepping ~*~*~tactically~*~*~ (stealth).
 26268 | Orc:2    | 26268 ||| Stepping ~*~*~tactically~*~*~ (hiding).
 26299 | Orc:2    | 26299 ||| Stepping ~*~*~tactically~*~*~ (stealth).
 26304 | Orc:2    | 26304 ||| Stepping ~*~*~tactically~*~*~ (hiding).
 26311 | Orc:2    | 26311 ||| INVOKING Berserk.
 26423 | Orc:2    | 26423 ||| Stepping ~*~*~tactically~*~*~ (stealth).
 26425 | Orc:2    | 26425 ||| Stepping ~*~*~tactically~*~*~ (stealth).
 26435 | Orc:2    | 26435 ||| Stepping ~*~*~tactically~*~*~ (hiding).
 26444 | Orc:2    | 26444 ||| Stepping ~*~*~tactically~*~*~ (hiding).
 26456 | Orc:2    | 26456 ||| INVOKING Berserk.
 26565 | Orc:2    | 26565 ||| Stepping ~*~*~tactically~*~*~ (hiding).
 26570 | Orc:2    | 26570 ||| INVOKING Berserk.
 26578 | Orc:2    | Killed an orc warlord
 26703 | Orc:2    | 26703 ||| INVOKING Trog's Hand.
 26706 | Orc:2    | 26706 ||| INVOKING Berserk.
 26717 | Orc:2    | Found Oqafriop's General Store.
 26935 | Orc:2    | Found Risobag's Antique Weapon Shop.
 27068 | Orc:2    | Found Akhainle's Antique Armour Shop.
 27074 | Orc:2    | 27074 ||| BUYING pair of boots (166 gold).
 27074 | Orc:2    | Bought a pair of boots for 166 gold pieces
 27074 | Orc:2    | 27074 ||| BUYING runed kite shield (277 gold).
 27074 | Orc:2    | Bought a runed kite shield for 277 gold pieces
 27083 | Orc:2    | Found Jisosy's Jewellery Shop.
 27091 | Orc:2    | 27091 ||| BUYING +6 ring of strength (540 gold).
 27091 | Orc:2    | Bought a +6 ring of strength for 540 gold pieces
 27091 | Orc:2    | 27091 ||| SHOPLISTING ring of fire (375 gold, have 41).
 27091 | Orc:2    | 27091 ||| SHOPLISTING ring of poison resistance (300 gold,
                  | have 41).
 27234 | Orc:2    | 27234 ||| UPGRADING to +0 pair of boots.
 27239 | Orc:2    | 27239 ||| UPGRADING to +2 kite shield of resistance.
 27249 | Orc:2    | 27249 ||| DROPPING +0 buckler.
 27250 | Orc:2    | 27250 ||| DROPPING +6 ring of dexterity.
 27251 | Orc:2    | 27251 ||| DROPPING ring of protection from cold.
 27304 | Orc:1    | 27304 ||| Stepping ~*~*~tactically~*~*~ (hiding).
 27311 | Orc:1    | 27311 ||| INVOKING Berserk.
 27552 | Orc:1    | 27552 ||| Stepping ~*~*~tactically~*~*~ (hiding).
 27555 | Orc:1    | 27555 ||| INVOKING Trog's Hand.
 27557 | Orc:1    | 27557 ||| INVOKING Berserk.
 27718 | Orc:1    | Noticed Fannar
 27719 | Orc:1    | 27719 ||| Stepping ~*~*~tactically~*~*~ (stealth).
 27731 | Orc:1    | Killed Fannar
 27768 | Orc:1    | 27768 ||| PLANNING SWAMP:1-3
 27916 | Swamp:1  | Entered Level 1 of the Swamp
 27966 | Swamp:1  | 27966 ||| INVOKING Berserk.
 28073 | Swamp:1  | 28073 ||| Stepping ~*~*~tactically~*~*~ (stealth).
 28110 | Swamp:1  | Reached skill level 12 in Shields
 28135 | Swamp:1  | Reached XP level 16. HP: 143/159 MP: 15/15
 28154 | Swamp:1  | 28154 ||| INVOKING Berserk.
 28178 | Swamp:1  | 28178 ||| Stepping ~*~*~tactically~*~*~ (stealth).
 28246 | Swamp:1  | 28246 ||| INVOKING Berserk.
 28538 | Swamp:1  | 28538 ||| Stepping ~*~*~tactically~*~*~ (hiding).
 28574 | Swamp:1  | 28574 ||| INVOKING Berserk.
 28712 | Swamp:1  | 28712 ||| INVOKING Berserk.
 28745 | Swamp:1  | 28745 ||| Stepping ~*~*~tactically~*~*~ (stealth).
 28746 | Swamp:1  | 28746 ||| Stepping ~*~*~tactically~*~*~ (stealth).
 28747 | Swamp:1  | 28747 ||| Stepping ~*~*~tactically~*~*~ (stealth).
 28749 | Swamp:1  | 28749 ||| Stepping ~*~*~tactically~*~*~ (stealth).
 28816 | Swamp:1  | 28816 ||| Stepping ~*~*~tactically~*~*~ (hiding).
 28817 | Swamp:1  | 28817 ||| Stepping ~*~*~tactically~*~*~ (hiding).
 28927 | Swamp:1  | 28927 ||| Stepping ~*~*~tactically~*~*~ (hiding).
 28927 | Swamp:1  | Identified the +1 leather armour "Xydimi" {+Blink Int+4
                  | Slay-6}
 29091 | Swamp:1  | 29091 ||| Stepping ~*~*~tactically~*~*~ (hiding).
 29103 | Swamp:1  | 29103 ||| Stepping ~*~*~tactically~*~*~ (cloud).
 29134 | Swamp:1  | 29134 ||| Stepping ~*~*~tactically~*~*~ (hiding).
 29136 | Swamp:1  | 29136 ||| INVOKING Berserk.
 29255 | Swamp:1  | 29255 ||| DROPPING ring of magical power.
 29344 | Swamp:2  | 29344 ||| Stepping ~*~*~tactically~*~*~ (cloud).
 29404 | Swamp:2  | 29404 ||| INVOKING Berserk.
 29719 | Swamp:2  | 29719 ||| INVOKING Berserk.
 29736 | Swamp:2  | 29736 ||| Stepping ~*~*~tactically~*~*~ (stealth).
 29761 | Swamp:2  | 29761 ||| Stepping ~*~*~tactically~*~*~ (water).
 29764 | Swamp:2  | HP: 4/159 [bunyip[a spriggan druid] (44)]
 29765 | Swamp:2  | 29765 ||| READING 20 scrolls of teleportation.
 29766 | Swamp:2  | 29766 ||| DRINKING 3 potions of heal wounds.
 29767 | Swamp:2  | 29767 ||| DRINKING 2 potions of heal wounds.
 29919 | Swamp:2  | 29919 ||| INVOKING Berserk.
 29974 | Swamp:2  | 29974 ||| READING scroll of brand weapon.
 29974 | Swamp:2  | 29974 ||| BRANDING +1 war axe of flaming.
 30182 | Swamp:3  | 30182 ||| INVOKING Berserk.
 30221 | Swamp:3  | 30221 ||| Stepping randomly (cloudy).
 30237 | Swamp:3  | 30237 ||| Stepping randomly (cloudy).
 30238 | Swamp:3  | 30238 ||| INVOKING Berserk.
 30246 | Swamp:3  | Reached skill level 15 in Shields
 30294 | Swamp:3  | 30294 ||| SWAPPING to +0 flail.
 30295 | Swamp:3  | 30295 ||| INVOKING Berserk.
 30305 | Swamp:3  | 30305 ||| SWAPPING to +1 war axe of venom.
 30438 | Swamp:3  | 30438 ||| Stepping ~*~*~tactically~*~*~ (water).
 30439 | Swamp:3  | 30439 ||| INVOKING Berserk.
 30561 | Swamp:3  | 30561 ||| SWAPPING to +0 flail.
 30563 | Swamp:3  | 30563 ||| INVOKING Berserk.
 30581 | Swamp:3  | 30581 ||| SWAPPING to +1 war axe of venom.
 30777 | Swamp:3  | 30777 ||| INVOKING Berserk.
 30922 | Swamp:3  | Noticed Aizul
 30928 | Swamp:3  | 30928 ||| INVOKING Trog's Hand.
 30929 | Swamp:3  | 30929 ||| INVOKING Berserk.
 30955 | Swamp:3  | Killed Aizul
 31128 | Swamp:3  | 31128 ||| PLANNING SPIDER:1-3
 31128 | Swamp:3  | 31128 ||| READING scroll labelled KIATRU TEBB.
 31231 | Spider:1 | Entered Level 1 of the Spider Nest
 31258 | Spider:1 | 31258 ||| Stepping ~*~*~tactically~*~*~ (stealth).
 31498 | Spider:1 | 31498 ||| Stepping ~*~*~tactically~*~*~ (stealth).
 31538 | Spider:1 | 31538 ||| Stepping ~*~*~tactically~*~*~ (stealth).
 31548 | Spider:1 | 31548 ||| INVOKING Brothers in Arms.
 31549 | Spider:1 | 31549 ||| INVOKING Brothers in Arms.
 31550 | Spider:1 | 31550 ||| INVOKING Brothers in Arms.
 31551 | Spider:1 | 31551 ||| INVOKING Brothers in Arms.
 31552 | Spider:1 | 31552 ||| INVOKING Brothers in Arms.
 31553 | Spider:1 | 31553 ||| INVOKING Brothers in Arms.
 31554 | Spider:1 | 31554 ||| INVOKING Brothers in Arms.
 31555 | Spider:1 | 31555 ||| INVOKING Brothers in Arms.
 31556 | Spider:1 | 31556 ||| INVOKING Brothers in Arms.
 31687 | Spider:1 | 31687 ||| Stepping ~*~*~tactically~*~*~ (hiding).
 31702 | Spider:1 | 31702 ||| INVOKING Berserk.
 32061 | Spider:1 | 32061 ||| Stepping ~*~*~tactically~*~*~ (stealth).
 32154 | Spider:1 | 32154 ||| Stepping ~*~*~tactically~*~*~ (stealth).
 32155 | Spider:1 | 32155 ||| Stepping ~*~*~tactically~*~*~ (stealth).
 32506 | Spider:2 | 32506 ||| INVOKING Berserk.
 32509 | Spider:2 | HP: 57/238 [spark wasp (14)]
 32522 | Spider:2 | HP: 38/159 [jumping spider (3)]
 32523 | Spider:2 | 32523 ||| READING 20 scrolls of teleportation.
 32524 | Spider:2 | 32524 ||| DRINKING potion of heal wounds.
 32529 | Spider:2 | HP: 36/159 [culicivora (4)]
 32530 | Spider:2 | 32530 ||| READING 19 scrolls of teleportation.
 32532 | Spider:2 | HP: 17/159 [jumping spider simulacrum (1)]
 32532 | Spider:2 | HP: 6/159 [jumping spider simulacrum (11)]
 32534 | Spider:2 | 32534 ||| READING 18 scrolls of teleportation.
 32537 | Spider:2 | 32537 ||| READING 17 scrolls of teleportation.
 32537 | Spider:2 | HP: 10/159 [culicivora (2)]
 32542 | Spider:2 | Reached skill level 19 in Fighting
 32545 | Spider:2 | 32545 ||| READING 16 scrolls of teleportation.
 32552 | Spider:2 | 32552 ||| READING 15 scrolls of teleportation.
 32556 | Spider:2 | HP: 26/160 [tarantella (3)]
 32557 | Spider:2 | 32557 ||| READING 14 scrolls of teleportation.
 32557 | Spider:2 | HP: 12/160 [jumping spider (5)]
 32558 | Spider:2 | Slain by a wolf spider

Levels and vault maps discovered:
D:1:      saegor_arrival_fortress, layout_basic, ebering_ecumenical_altar_ruins,
          serial_shops, nicolae_shop_window_shopping,
          minmay_misc_feat_diagonals, fountainhead, corner_web_ring,
          grunt_decor_resistance, chequers_serial_rivers_marsh
D:2:      layout_loops_ring, nicolae_titane
D:3:      layout_basic, kennysheep_generic_room_12
D:4:      layout_loops_ring, dreamdust_divine_triumvirate, serial_shops,
          nicolae_shop_advertising_works [nicolae_subvault_shop_adworks],
          nicolae_shop_behind_doors, cheibrodos_sewer_entry_bend
D:5:      wad_lake_hut, layout_rooms, nrook_loot_triangle,
          nicolae_shop_i_like_big_books, bh_walls_and_bars, uniq_edmund,
          uniq_duvessa
D:6:      layout_basic, gammafunk_temple_overflow_pools, tgw_trog,
          chequers_temple_overflow_statue_of_worship,
          minmay_temple_entry_drinking_statues, serial_curves, eino_curves_02,
          eino_curves_04
D:7:      layout_cave_pools, serial_shops, shop
D:8:      layout_rooms, chequers_serial_rivers_micro_e
D:9:      layout_small_grid, nicolae_specific_store, minmay_librarian
D:10:     minmay_separated_statues, layout_rooms,
          amethyst_overflow_temple_binary, grunt_lair_entry_orc_guard_hut,
          nicolae_trove_entry_crossroad, nicolae_water_bricks, uniq_urug,
          uniq_maurice
D:11:     layout_basic, serial_shops, shop, minmay_circle_x
D:12:     minmay_the_grid_square_5x5_4x4 [minmay_the_grid_square_5x5_forky,
          minmay_the_grid_square_5x5_doubleslash,
          minmay_the_grid_square_5x5_tri_point,
          minmay_the_grid_square_5x5_hourglass,
          minmay_the_grid_square_5x5_checkered,
          minmay_the_grid_square_5x5_prize_deathbox,
          minmay_the_grid_square_5x5_prize_monsterx,
          minmay_the_grid_square_5x5_six_small,
          minmay_the_grid_square_5x5_dogpile,
          minmay_the_grid_square_5x5_prize_waves,
          minmay_the_grid_square_5x5_prize_itemx,
          minmay_the_grid_square_5x5_inner_v,
          minmay_the_grid_square_5x5_checkered_sparse,
          minmay_the_grid_square_5x5_z,
          minmay_the_grid_square_5x5_fancy_junction,
          minmay_the_grid_square_5x5_six], layout_basic, orc_0_dummy,
          serial_curves, eino_curves_03, eino_curves_01, eino_curves_01,
          eino_curves_01, minmay_guarded_unrand_vampires_tooth
D:13:     layout_long_grid, gauntlet_entry_generic, drop_trap
D:14:     layout_long_grid, erik_vaults_1, grunt_dithmenos_shadows, nrook_uturn,
          david_greed
D:15:     grunt_enter_depths_snipers, layout_basic, minmay_splitting_lines,
          minmay_hollow_rounded_squares
Lair:1:   layout_regular_city, nicolae_lair_grazing_beasts
          [nicolae_sub_lair_graze_edge, nicolae_sub_lair_graze_edge,
          nicolae_sub_lair_graze_edge, nicolae_sub_lair_graze_edge]
Lair:2:   layout_misc_corridors, skrybe_swamp_entry_bodies,
          serial_bayou_lagoon_a
Lair:3:   layout_cave_pods, hellmonk_spider_entry_not_the_bees,
          grunt_megastairs_5
Lair:4:   layout_regular_city, kilobyte_rumbling_trees
Lair:5:   hangedman_lair_tendril_chambers, layout_loops_ring,
          dpeg_slime_entry_enclosed
Swamp:1:  layout_basic_swamp, serial_swamp_ruin, evilmike_swamp_ruin_house_2,
          evilmike_swamp_ruin_house_6
Swamp:2:  layout_basic_swamp, evilmike_swamp_ruin_house_4, swamp_pool1,
          nicolae_swamp_oxbows
Swamp:3:  layout_basic_swamp, evilmike_swamp_ruin_rubble_1, swamp_pool1,
          uniq_aizul
Spider:1: layout_spider_delve
Spider:2: layout_spider_delve, nicolae_spider_moth_buddies
Orc:1:    layout_diamond_mine, serial_shops, nicolae_shop_window_shopping,
          uniq_fannar
Orc:2:    grunt_orc_cross, layout_caves, basic_altar

Skill      XL: |  1  2  3  4  5  6  7  8  9 10 11 12 13 14 15 16 |
---------------+-------------------------------------------------+-----
Axes           | 4 5 7 8 10 11 13 15 16 | 16.0
Fighting       | 4 5 6 7 9 10 13 15 17 18 19 | 19.0
Shields        | 3 4 5 7 8 10 12 16 | 16.5
Armour         | 3 5 7 8 9 11 13 15 16 17 | 17.0
Throwing       | 1 2 4 5 6 7 10 | 10.0
Dodging        | 3 4 5 6 8 10 | 10.0

Action                   |  1- 3 |  4- 6 |  7- 9 | 10-12 | 13-15 | 16-18 || total
-------------------------+-------+-------+-------+-------+-------+-------++-------
Melee: Hand axe          |    63 |    63 |    57 |       |       |       ||   183
       Headbutt          |     8 |    10 |    29 |   116 |   339 |    94 ||   596
       War axe           |       |       |    85 |   412 |  1263 |   406 ||  2166
       Morningstar       |       |       |       |     9 |    13 |       ||    22
       Flail             |       |       |       |       |       |    13 ||    13
Throw: Boomerang         |    36 |    14 |    43 |    22 |    78 |    24 ||   217
       Javelin           |       |       |       |    54 |   112 |    40 ||   206
Invok: Berserk           |     1 |     7 |     6 |    21 |    46 |    17 ||    98
       Brothers in Arms  |       |       |       |     2 |    11 |     1 ||    14
       Trog's Hand       |       |       |       |       |     8 |     1 ||     9
  Use: Scroll            |    10 |     6 |     6 |     6 |     6 |    10 ||    44
       Potion            |     2 |     3 |     4 |     2 |     8 |     3 ||    22
 Stab: Distracted        |       |     1 |       |       |       |     1 ||     2
Armor: Animal skin       |     9 |       |       |       |       |       ||     9
       Ring mail         |     4 |     5 |       |       |       |       ||     9
       Scale mail        |       |     1 |     1 |       |       |       ||     2
       Chain mail        |       |       |    13 |       |       |       ||    13
       Plate armour      |       |       |    45 |   268 |   765 |   239 ||  1317
Dodge: Dodged            |    34 |    20 |    44 |   167 |   541 |   169 ||   975
Block: Buckler           |       |     2 |    39 |   105 |   354 |       ||   500
       Kite shield       |       |       |       |       |    23 |   305 ||   328

Table legend:
 A = Non-vault XP
 B = Vault XP
 C = Vault XP percentage of total XP
 D = Non-vault monster count
 E = Vault monster count
 F = Vault count percentage of total count
                 A         B        C        D         E       F
            +---------+---------+-------+---------+---------+-------
      Total |  147897 |   64928 |  30.5 |     573 |     195 |  25.4
            +---------+---------+-------+---------+---------+-------
        D:1 |      20 |       0 |   0.0 |      12 |       0 |   0.0
        D:2 |      42 |       0 |   0.0 |      17 |       0 |   0.0
        D:3 |      74 |       1 |   1.3 |      23 |       1 |   4.2
        D:4 |     305 |       5 |   1.6 |      28 |       1 |   3.4
        D:5 |     219 |     377 |  63.3 |      13 |       3 |  18.8
        D:6 |     869 |       9 |   1.0 |      14 |       5 |  26.3
        D:7 |    1100 |       0 |   0.0 |      15 |       0 |   0.0
        D:8 |    3265 |       0 |   0.0 |      24 |       0 |   0.0
        D:9 |    1133 |     585 |  34.1 |      18 |       1 |   5.3
       D:10 |    1588 |    2815 |  63.9 |      12 |       8 |  40.0
       D:11 |    3975 |    1802 |  31.2 |      16 |       6 |  27.3
       D:12 |    7334 |   19049 |  72.2 |      23 |      45 |  66.2
       D:13 |    8495 |       0 |   0.0 |      20 |       0 |   0.0
       D:14 |    3785 |    3201 |  45.8 |       6 |       5 |  45.5
       D:15 |    5303 |    8890 |  62.6 |      13 |      15 |  53.6
     Lair:1 |    6521 |    1205 |  15.6 |      24 |       6 |  20.0
     Lair:2 |   17631 |    1092 |   5.8 |      48 |       2 |   4.0
     Lair:3 |    6682 |     483 |   6.7 |      22 |       4 |  15.4
     Lair:4 |    2992 |     842 |  22.0 |      15 |       7 |  31.8
     Lair:5 |    8862 |   10334 |  53.8 |      29 |      36 |  55.4
    Swamp:1 |   12268 |       0 |   0.0 |      22 |       0 |   0.0
    Swamp:2 |   12124 |       0 |   0.0 |      24 |       0 |   0.0
    Swamp:3 |   10821 |    1162 |   9.7 |      21 |       1 |   4.5
   Spider:1 |   16046 |       0 |   0.0 |      40 |       0 |   0.0
   Spider:2 |   10281 |       0 |   0.0 |      28 |       0 |   0.0
      Orc:1 |    4510 |     894 |  16.5 |      33 |       1 |   2.9
      Orc:2 |    1652 |    7193 |  81.3 |      13 |      32 |  71.1
      Sewer |       0 |     157 | 100.0 |       0 |       4 | 100.0
   Gauntlet |       0 |    4832 | 100.0 |       0 |      12 | 100.0
            +---------+---------+-------+---------+---------+-------
